 Dungeon Crawl Stone Soup version 0.26.1-2-gb8aa6d0cf2 (webtiles) character file.

Game seed: 8191665502159551737

56 windgrace the Insei (level 3, -1/29 HPs)
             Began as a Draconian Transmuter on Feb 11, 2021.
             Slain by an orc
             ... wielding a +0 mace
              (9 damage)
             ... on level 3 of the Dungeon.
             The game lasted 00:09:33 (1987 turns).

windgrace the Insei (Draconian Transmuter)          Turns: 1987, Time: 00:09:34

Health: -1/29      AC: 10    Str: 12    XL:     3   Next: 69%
Magic:  13/15      EV: 12    Int: 13    God:
Gold:   67         SH:  0    Dex: 12    Spells: 3/6 levels left

rFire    . . .     SeeInvis +     - Unarmed
rCold    . . .     Faith    .   (no shield)
rNeg     . . .     Spirit   .   (armour unavailable)
rPois    .         Reflect  .   (helmet restricted)
rElec    .         Harm     .   c - +0 cloak
rCorr    .         Rampage  .   a - +2 pair of gloves
Will     .....                  l - +0 pair of boots
Stlth    +.........             (no amulet)
HPRegen  0.09/turn              d - ring of see invisible
MPRegen  0.14/turn              f - ring of magical power

@: lethally poisoned (-1 -> -10), wereblooded
A: unfitting armour, cold-blooded, AC +5
a: no special abilities


You were on level 3 of the Dungeon.
You visited 1 branch of the dungeon, and saw 3 of its levels.

You collected 67 gold pieces.

Inventory:

Hand Weapons
 k - a +0 dagger of draining
Armour
 a - a +2 pair of gloves (worn)
 c - a +0 cloak (worn)
 e - a scarf of shadows
 l - a +0 pair of boots (worn)
Jewellery
 d - a ring of see invisible (left hand)
 f - a ring of magical power (right hand)
Scrolls
 g - a scroll of teleportation {unknown}
 h - 2 scrolls of identify
 i - a scroll of noise {unknown}
 j - a scroll of immolation {unknown}
Potions
 b - 2 potions of heal wounds {unknown}
 m - a potion of lignification {unknown}


   Skills:
 * Level 2.2 Fighting
 - Level 2.0 Dodging
 + Level 3.6 Unarmed Combat
 + Level 2.3 Spellcasting
 + Level 2.4 Transmutations


You had 3 spell levels left.
You knew the following spells:

 Your Spells              Type           Power        Failure   Level
a - Beastly Appendage     Tmut           14%          9%          1
b - Wereblood             Tmut           7%           14%         2

Your spell library contained the following spells:

 Spells                   Type           Power        Failure   Level
 Spider Form              Tmut/Pois      2%           41%         3
 Ice Form                 Ice/Tmut       4%           83%         4
 Blade Hands              Tmut           3%           94%         5


Dungeon Overview and Level Annotations

Branches:
Dungeon (3/15)

Altars:
Okawaru


Innate Abilities, Weirdness & Mutations

Your plain brown scales are hard. (AC +5)
You cannot fit into any form of body armour.
You are cold-blooded and may be slowed by cold attacks.


Message History

The adder is heavily wounded.
The orc closely misses you. The adder bites you but does no damage.
You closely miss the adder.
The adder is heavily wounded.
You howl as the wereblood boils in your veins!
You feel sick.
You hear a shout!
The adder misses you. The orc hits you but does no damage.
The orc closely misses you.
You closely miss the adder. You tail-slap the adder.
The adder is heavily wounded.
You howl as the wereblood boils in your veins!
The adder bites you.
* * * LOW HITPOINT WARNING * * *
You are lethally poisoned!
The adder poisons you! The orc closely misses you.
A hobgoblin comes into view.
The gnoll barely misses you. The orc closely misses you.
The orc hits you with a +0 mace!
You die...

#.
.#####.########
........!....>.
..........#..
............
#...g.g...#
#....go...#
......o@†.#
......So...g...
#..............
#.........#....
########### ...
##


You could see 3 gnolls, an adder, 3 orcs and a hobgoblin.

Vanquished Creatures
  3 adders (D:2)
  A worm (D:2)
  A dart slug (D:1)
  An orc (D:2)
  4 bats
  2 goblins
  4 hobgoblins
  3 kobolds
  A quokka (D:3)
  2 frilled lizards
  4 rats
26 creatures vanquished.

Notes
Turn   | Place    | Note
-------+----------+-------------------------------------------
     0 | D:1      | windgrace the Draconian Transmuter began the quest for the
                  | Orb.
     0 | D:1      | Reached XP level 1. HP: 16/16 MP: 3/3
   372 | D:1      | Reached XP level 2. HP: 23/23 MP: 3/5
   375 | D:1      | Learned a level 2 spell: Wereblood
   760 | D:2      | Found a faded altar of an unknown god.
  1138 | D:2      | Reached XP level 3. HP: 25/29 MP: 6/6
  1200 | D:2      | Found an iron altar of Okawaru.
  1987 | D:3      | Slain by an orc

Illustrated notes

Levels and vault maps discovered:
D:1:      eino_arrival_cavern_d, layout_rooms, palyth_stone_intersect,
          hangedman_decor_clover_reticule
D:2:      layout_loops_corners, okawaru_trees_2,
          chequers_ecumenical_altar_island
D:3:      layout_rooms, lemuel_coloured_pillars_altar,
          overflow_temple_1_default, minmay_goblin_kobold_house, uniq_jessica,
          uniq_terence

Skill      XL: |  1  2  3 |
---------------+----------+-----
Dodging        | 2 |  2.0
Fighting       | 2 |  2.2
Unarmed Combat | |  3.6
Spellcasting   | |  2.3
Transmutations | |  2.4

Action                   || total
-------------------------++-------
Melee: Unarmed           ||   101
       Kick              ||    15
       Headbutt          ||     4
       Tailslap          ||     7
 Cast: Beastly Appendage ||    14
       Wereblood         ||     6
  Use: Scroll            ||     1
Armor: Skin              ||    28
Dodge: Dodged            ||    62
